 Dungeon Crawl Stone Soup version 0.30-a0-422-g946f4849ff (webtiles) character file.

Game seed: 11920242524142630428

25 Inus the Sneak (level 2, -1/11 HPs)
             Began as a Felid Venom Mage on Dec 9, 2022.
             Slain by an adder (3 damage)
             ... on level 2 of the Dungeon.
             The game lasted 00:01:55 (681 turns).

Inus the Sneak (Felid Venom Mage)                    Turns: 681, Time: 00:01:56

Health: -1/11      AC:  1    Str: 10    XL:     2   Next: 82%
Magic:  3/6        EV: 17    Int: 16    God:
Gold:   40         SH:  0    Dex: 16    Spells: 4/5 levels left
                                        Lives:  0   Deaths: 0

rFire   . . .      SeeInvis +    (weapon unavailable)
rCold   . . .      Faith    .    (shield unavailable)
rNeg    . . .      Spirit   .    (body armour unavailable)
rPois   .          Reflect  .    (helmet unavailable)
rElec   .          Harm     .    (cloak unavailable)
rCorr   .          Rampage  .    (gloves unavailable)
Will    .....                    (boots unavailable)
Stlth   ++........               (no amulet)
HPRegen 0.21/turn                c - +6 ring of strength
MPRegen 0.10/turn                (no ring)

@: lethally poisoned (-1 -> -5), hasted, very quick
A: very small, claws 1, fangs 3, see invisible, speed 1, shaggy fur 1, stealthy
paws, no weapons or thrown items, no armour, multi-lived
a: no special abilities


You were on level 2 of the Dungeon.
You visited 1 branch of the dungeon, and saw 2 of its levels.

You collected 40 gold pieces.

Inventory:

Jewellery
 c - a +6 ring of strength (left paw)
Scrolls
 b - a scroll of torment {unknown}
 e - a scroll of fog {unknown}
 f - 3 scrolls of identify {unknown}
 i - a scroll of vulnerability {unknown}
Potions
 a - a potion of magic
 d - a potion of haste
 g - 2 potions of curing {unknown}
 h - a potion of attraction {unknown}


   Skills:
 + Level 3.1 Dodging
 + Level 3.2 Stealth
 + Level 2.2 Spellcasting
 + Level 1.7 Transmutations
 + Level 2.9 Poison Magic


You had 4 spell levels left.
You knew the following spells:

 Your Spells              Type           Power      Damage    Failure   Level
a - Sting                 Tmut/Pois      36%        1d4       8%          1

Your spell library contained the following spells:

 Spells                   Type           Power      Damage    Failure   Level
 Poisonous Vapours        Pois/Air       12%        N/A       17%         2
 Mephitic Cloud           Conj/Pois/Air  4%         N/A       38%         3
 Olgreb's Toxic Radiance  Pois           11%        N/A       52%         4


Dungeon Overview and Level Annotations

Branches:
Dungeon (2/15)

Altars:


Innate Abilities, Weirdness & Mutations

You have sharp claws.
You have razor-sharp teeth.
You have supernaturally acute eyesight. (SInv)
You cover ground quickly. (Speed+)
You are covered in fur. (AC +1)
Your paws help you pounce on unaware monsters.
You are incapable of wielding weapons or throwing items.
You cannot wear armour.
You gain extra lives every three experience levels.


Message History

Press: ? - help, Shift-Dir - straight line, f - adder
Aim: an adder (48% to hit)
The sting misses the adder.
The adder bites you but does no damage. The adder barely misses you.
Casting: Sting (safe; 8% risk of failure)
Confirm with . or Enter, or press ? or * to list all spells.
Aiming: Sting (safe; 8% risk of failure)
Press: ? - help, Shift-Dir - straight line, f/p - adder
Aim: an adder (48% to hit)
The sting misses the adder.
The adder misses you.
Casting: Sting (safe; 8% risk of failure)
Confirm with . or Enter, or press ? or * to list all spells.
Aiming: Sting (safe; 8% risk of failure)
Press: ? - help, Shift-Dir - straight line, f/p - adder
Aim: an adder (48% to hit)
The sting misses the adder.
The adder closely misses you.
You scratch the adder but do no damage. The adder bites you.
The adder completely misses you.
You completely miss the adder. Your bite misses the adder.
The adder closely misses you.
You miss the adder. The adder bites you.
You closely miss the adder. The adder bites you.
The adder completely misses you.
You closely miss the adder. The adder misses you.
You closely miss the adder. Your bite misses the adder. The adder bites you.
You are lethally poisoned!
The adder poisons you!
Casting: Sting (safe; 8% risk of failure)
Confirm with . or Enter, or press ? or * to list all spells.
Aiming: Sting (safe; 8% risk of failure)
Press: ? - help, Shift-Dir - straight line, f/p - adder
Aim: an adder (48% to hit)
The sting hits the adder but does no damage.
The adder is poisoned.
* * * LOW HITPOINT WARNING * * *
You feel sick. The adder bites you but does no damage.
It was a potion of haste.
You feel yourself speed up.
* * * LOW HITPOINT WARNING * * *
You feel sick. The adder misses you. The adder bites you.
You die...

#+# #### ..[ #[.
#####.##.####
#.....S#.#..
#......@.#.#
#.....#..#.#####..
##### ##..........
#.#........
#.#<#...... .|###
...). ...+ ....
....# #.. .....# .


You could see an adder (poisoned).

Vanquished Creatures
  A worm (D:1)
  3 ball pythons (D:1)
  3 bats (D:1)
  2 endoplasms (D:1)
  2 giant cockroaches
  A goblin (D:1)
  A hobgoblin (D:1)
  4 kobolds (D:1)
  2 quokkas (D:1)
19 creatures vanquished.

Notes
Turn   | Place    | Note
-------+----------+-------------------------------------------
     0 | D:1      | Inus the Felid Venom Mage began the quest for the Orb.
     0 | D:1      | Reached XP level 1. HP: 7/7 MP: 4/4
   121 | D:1      | Reached XP level 2. HP: 11/11 MP: 6/6
   681 | D:2      | Slain by an adder

Illustrated notes

Levels and vault maps discovered:
D:1:      spicycebolla_arrival_xxxplode, layout_rooms, minmay_misc_feat_doors,
          nicolae_wormholes
D:2:      layout_basic, shapermc_ecumenical_altar_hornbeckon, basic_altar

Skill      XL: |  1  2 |
---------------+-------+-----
Stealth        | 3 |  3.2
Dodging        | 3 |  3.1
Spellcasting   | |  2.2
Transmutations | |  1.7
Poison Magic   | |  2.9

Action                   || total
-------------------------++-------
Melee: Unarmed           ||    57
       Bite              ||     2
 Cast: Sting             ||    14
  Use: Potion            ||     1
 Stab: Sleeping          ||     6
Armor: Skin              ||     6
Dodge: Dodged            ||    50

Table legend: (Time is in decaauts)
 A = Elapsed time spent in this place.
 B = Non-inter-level travel time spent in this place.
 C = Inter-level travel time spent in this place.
 D = Time resting spent in this place.
 E = Time spent auto-exploring this place.
 F = Levels seen in this place.
 G = Mean time per level.
                   A        B        C        D        E       F      G
               +--------+--------+--------+--------+--------+-----+--------+
         Total |    584 |    558 |     26 |      0 |    391 |   2 |  292.0 |
       Dungeon |    584 |    558 |     26 |      0 |    391 |   2 |  292.0 |
               +--------+--------+--------+--------+--------+-----+--------+

Top non-repeatable levels by time:
     D:1: 549 daAuts
     D:2: 34 daAuts
